Map: Bridgehead LE (Void)

Players

MoonLjth - Winner!

  • Race: Protoss Protoss
  • League: Platinum

iQuitBYE - Winner!

  • Race: Protoss Protoss
  • League: Grandmaster

Mac

  • Race: Protoss Protoss
  • League: Grandmaster

loginn

  • Race: Protoss Protoss
  • League: Grandmaster

VOD

Have the link to the VOD?

Description

Time

  • Played on: Oct. 2, 2015, 5:47 p.m.
  • Length: 8:22
Show
View Real Time Build Order
Export as new Build Order

MoonLjth Protoss - Winner!

Build Orders: 1 Gate Expand 

Get SALT Encoding   

  12  0:01  Probe (Chrono Boost)  
  13  0:12  Probe (Chrono Boost)  
  14  0:19  Pylon  
  14  0:23  Probe (Chrono Boost)  
  15  0:37  Probe (Chrono Boost)  
  15  0:42  Gateway  
  16  0:48  Probe (Chrono Boost)  
  17  0:55  Assimilator  
  17  0:58  Probe (Chrono Boost)  
  18  1:09  Probe (Chrono Boost)  
  19  1:28  Nexus  
  19  1:29  Probe (Chrono Boost)  
  20  1:41  Cybernetics Core  
  20  1:43  Probe (Chrono Boost)  
  21  1:51  Pylon  
  21  1:55  Probe (Chrono Boost)  
  22  2:01  Assimilator  
  22  2:05  Probe (Chrono Boost)  
  23  2:15  Pylon  
  23  2:17  Adept (Chrono Boost)  
  23  2:19  Warp Gate (Chrono Boost)  
  25  2:26  Mothership Core (Chrono Boost)  
  27  2:46  Probe (Chrono Boost)  
  27  2:49  Robotics Facility  
  27  2:51  Probe (Chrono Boost)  
  29  2:57  Probe (Chrono Boost)  
  30  3:03  Pylon  
  30  3:05  Probe (Chrono Boost)  
  31  3:08  Probe (Chrono Boost)  
  32  3:15  Probe (Chrono Boost)  
  32  3:19  Probe (Chrono Boost)  
  34  3:25  Gateway  
  34  3:26  Probe (Chrono Boost)  
  35  3:29  Probe (Chrono Boost)  
  36  3:36  Probe (Chrono Boost)  
  36  3:40  Probe (Chrono Boost)  
  36  3:47  Probe (Chrono Boost)  
  38  3:48  Observer  
  38  3:50  Probe (Chrono Boost)  
  38  3:52  Assimilator  
  39  3:56  Probe (Chrono Boost)  
  39  4:01  Probe  
  41  4:03  Gateway  
  41  4:07  Probe (Chrono Boost)  
  41  4:09  Observer  
  43  4:23  Stalker  
  45  4:26  Stalker  
  45  4:28  Probe (Chrono Boost)  
  45  4:29  Probe (Chrono Boost)  
  45  4:30  Pylon  
  49  4:33  Immortal (Chrono Boost)  
  53  4:44  Probe, Pylon  
  54  4:53  Twilight Council  
  54  4:54  Stalker x2  
  58  5:02  Stalker  
  60  5:07  Probe  
  60  5:08  Assimilator  
  65  5:14  Immortal (Chrono Boost)  
  65  5:18  Adept x2  
  69  5:25  Probe  
  69  5:28  Probe  
  68  5:32  Adept  
  69  5:37  Probe  
  69  5:41  Probe, Blink (Chrono Boost)  
  69  5:42  Gateway  
  69  5:48  Pylon  
  69  5:49  Probe  
  69  5:50  Pylon  
  69  5:53  Probe  
  70  6:04  Pylon  
  70  6:09  Immortal (Chrono Boost)  
  70  6:11  Pylon  
  72  6:12  Pylon  
  72  6:18  Stalker  
  74  6:19  Probe  
  74  6:21  Probe  
  74  6:29  Mothership Core  
  74  6:32  Forge  
  76  6:34  Forge  
  76  6:36  Gateway  
  76  6:40  Adept x2  
  76  6:42  Warp Prism (Chrono Boost)  
  76  6:46  Adept  
  76  6:59  Gateway  
  76  7:01  Gateway  
  76  7:02  Adept x2  
  76  7:04  Adept  
  81  7:18  Photon Cannon  
  81  7:21  Adept  
  83  7:25  Warp Prism  
  83  7:30  Adept x2  
  84  7:39  Probe  
  82  7:49  Probe  
  83  7:51  Templar Archives  
  83  7:53  Probe  
  84  8:00  Probe  
  89  8:05  Probe  
  90  8:13  Nexus  
  90  8:16  Pylon  
  90  8:19  Adept  
Show
View Real Time Build Order
Export as new Build Order

iQuitBYE Protoss - Winner!

Build Orders: Blink Stalkers 

Get SALT Encoding   

  12  0:01  Probe (Chrono Boost)  
  13  0:12  Probe (Chrono Boost)  
  14  0:19  Pylon  
  14  0:24  Probe (Chrono Boost)  
  15  0:37  Probe (Chrono Boost)  
  15  0:40  Gateway  
  16  0:48  Probe (Chrono Boost)  
  17  0:51  Assimilator  
  17  1:00  Probe (Chrono Boost), Assimilator  
  19  1:11  Probe (Chrono Boost)  
  19  1:27  Probe (Chrono Boost)  
  19  1:29  Cybernetics Core  
  22  1:36  Pylon  
  22  1:37  Probe (Chrono Boost)  
  21  1:56  Probe (Chrono Boost)  
  22  2:06  Stalker  
  22  2:07  Probe (Chrono Boost)  
  25  2:08  Pylon  
  25  2:23  Probe (Chrono Boost)  
  26  2:32  Pylon  
  26  2:33  Twilight Council, Warp Gate  
  26  2:34  Probe (Chrono Boost)  
  27  2:46  Pylon  
  27  2:54  Stalker  
  29  2:59  Gateway  
  29  3:01  Blink  
  29  3:02  Gateway  
  31  3:06  Mothership Core (Chrono Boost)  
  30  3:23  Stalker  
  29  4:40  Stalker x2  
  29  4:41  Stalker  
  29  4:45  Pylon  
  35  4:53  Gateway  
  35  4:55  Gateway  
  35  5:07  Zealot x3  
  41  5:23  Charge  
  37  5:29  Stalker  
  37  5:30  Stalker  
  37  5:31  Stalker  
  39  5:49  Stalker  
  41  5:52  Stalker  
  41  5:53  Stalker  
  41  5:54  Pylon  
  39  6:23  Zealot x3  
  39  6:24  Zealot x2  
  31  6:57  Zealot x5  
  41  7:18  Zealot x3  
  29  7:47  Stalker x3  
  29  7:49  Sentry  
  29  7:50  Sentry  
Show
View Real Time Build Order
Export as new Build Order

Mac Protoss 

Build Orders:  

Get SALT Encoding   

Show
View Real Time Build Order
Export as new Build Order

loginn Protoss 

Build Orders:  

Get SALT Encoding   

Tags
 
Add a new tag
Caveats
  • Supply blocks, unpowered buildings, or Contaminate may cause inaccurate times.
  • Supply counts are checked every 10 seconds.